 Dungeon Crawl Stone Soup version 0.31-a0-1074-g0b22e4e0f1 (webtiles) character file.

Game seed: 17935667050119123947

19432 Hubris850 the Protected (level 12, -12/92 HPs)
             Began as a Gnoll Hexslinger on Nov 29, 2023.
             Was a Follower of Nemelex Xobeh.
             Engulfed by an ice statue's freezing vapour (24 damage)
             ... in an ice cave on Nov 30, 2023.
             The game lasted 00:59:26 (14343 turns).

Hubris850 the Protected (Gnoll Hexslinger)         Turns: 14343, Time: 00:59:26

Health: -12/92     AC: 12    Str:  5 (7)  XL:     12   Next: 68%
Magic:  24/24      EV: 14    Int: 15      God:    Nemelex Xobeh [*.....]
Gold:   255        SH:  0    Dex: 16 (18) Spells: 11/27 levels left

rFire   . . .        b - +7 dagger of the Rotten God {heavy, rCorr}
rCold   . . .        (no shield)
rNeg    . . .        g - +1 acid dragon scales
rPois   .            M - +0 helmet
rElec   .            (no cloak)
rCorr   +            (no gloves)
SInv    .            N - +0 pair of boots
Will    .....        e - amulet of faith
Stlth   +++          O - +4 ring of slaying
HPRegen 0.35/turn    G - ring of wizardry
MPRegen 0.19/turn

%: faith, wizardry (x1)
@: studying Armour
A: fangs 1, strong nose, distributed training
a: Renounce Religion, Draw Escape, Draw Destruction, Draw Summoning


You were in an ice cave.
You worshipped Nemelex Xobeh.
Nemelex Xobeh was aware of your devotion.
You visited 3 branches of the dungeon, and saw 14 of its levels.
You also visited: Ice Cave.

You collected 780 gold pieces.
You spent 525 gold pieces at shops.

Inventory:

Hand Weapons
 a - the +11 shortbow of Panaidgh {drain, rElec Will+ Str-5}
   (You bought it in a shop on level 10 of the Dungeon)

   Str-5:     It affects your strength (-5).
   rElec:     It insulates you from electricity.
   Will+:     It increases your willpower.
 b - the +7 dagger of the Rotten God (weapon) {heavy, rCorr}
   (You bought it in a shop on level 10 of the Dungeon)

   rCorr:     It protects you from acid and corrosion.
Missiles
 k - 18 boomerangs
 q - 25 poisoned darts
Armour
 g - +1 acid dragon scales (worn)
 M - a +0 helmet (worn)
 N - a +0 pair of boots (worn)
Jewellery
 e - an amulet of faith (around neck)
 G - a ring of wizardry (right hand)
 J - the amulet "Avycle" {Acrobat rPois rN+ Str+2}
   (You found it on level 7 of the Dungeon)

   [amulet of the acrobat]

   Acrobat:   It increases your evasion while moving and waiting.
   Str+2:     It affects your strength (+2).
   rPois:     It protects you from poison rN+: It protects you from negative
   energy.
 O - a +4 ring of slaying (left hand)
Wands
 F - a wand of digging (16)
 Q - a wand of mindburst (3)
Scrolls
 d - 2 scrolls of poison
 f - 3 scrolls of fog
 h - a scroll of enchant weapon
 D - a scroll of blinking
Potions
 c - a potion of lignification
 i - a potion of heal wounds
 s - 3 potions of magic
 v - 2 potions of haste
 C - a potion of curing
 V - a potion of berserk rage {unknown}


   Skills:
 + Level 8.1 Fighting
 + Level 7.6 Short Blades
 + Level 7.6 Long Blades
 + Level 7.6 Axes
 + Level 7.6 Maces & Flails
 + Level 7.6 Polearms
 + Level 7.6 Staves
 + Level 9.0 Ranged Weapons
 + Level 7.6 Throwing
 + Level 10.4 Armour
 + Level 9.0 Dodging
 + Level 7.6 Stealth
 + Level 7.6 Shields
 + Level 7.6 Unarmed Combat
 + Level 8.2 Spellcasting
 + Level 6.3 Conjurations
 + Level 8.5 Hexes
 + Level 6.3 Summonings
 + Level 6.3 Necromancy
 + Level 6.3 Translocations
 + Level 6.3 Transmutations
 + Level 6.8 Fire Magic
 + Level 6.3 Ice Magic
 + Level 6.3 Air Magic
 + Level 6.3 Earth Magic
 + Level 6.3 Poison Magic
 + Level 8.4 Invocations
 + Level 7.6 Evocations
 + Level 7.0 Shapeshifting


You had 11 spell levels left.
You knew the following spells:

 Your Spells              Type           Power      Damage    Failure   Level
a - Jinxbite              Hex            62%        N/A       1%          2
b - Sigil of Binding      Hex            31%        N/A       1%          3
c - Inner Flame           Hex/Fire       29%        N/A       1%          3
d - Cause Fear            Hex            15%        N/A       2%          4
e - Dimensional Bullseye  Hex/Tloc       14%        N/A       4%          4

Your spell library contained the following spells:

 Spells                   Type           Power      Damage    Failure   Level
 Apportation              Tloc           50%        N/A       1%          1
 Kiss of Death            Conj/Necr      100%       2d13      1%          1
 Necrotise                Necr           100%       1d9       1%          1
 Shock                    Conj/Air       100%       1d9       1%          1
 Sublimation of Blood     Necr           25%        N/A       1%          2
 Confusing Touch          Hex            31%        N/A       1%          3
 Stone Arrow              Conj/Erth      50%        3d10      1%          3
 Swiftness                Air            25%        N/A       1%          3
 Vampiric Draining        Necr           25%        2d7       1%          3
 Airstrike                Air            12%        2d(2-18)  6%          4
 Animate Armour           Summ/Erth      50%        N/A       6%          4
 Dispel Undead            Necr           25%        3d12      6%          4
 Petrify                  Tmut/Erth      25%        N/A       6%          4
 Summon Mana Viper        Hex/Summ       28%        N/A       12%         5
 Agony                    Necr           25%        N/A       17%         5
 Alistair's Intoxication  Tmut/Pois      16%        N/A       17%         5
 Irradiate                Conj/Tmut      12%        3d15      17%         5
 Summon Forest            Summ/Tloc      12%        N/A       17%         5
 Summon Cactus Giant      Summ           12%        N/A       65%         6
 Lehudib's Crystal Spear  Conj/Erth      12%        10d4      100%        8


Dungeon Overview and Level Annotations

Branches:
Dungeon (12/15)            Temple (1/1) D:7            Lair (1/5) D:9
    Orc (0/2) D:12          IceCv (1/1)

Altars:
Ashenzari
Cheibriados
Dithmenos
Elyvilon
Fedhas
Gozag
Hepliaklqana
Kikubaaqudgha
Makhleb
Nemelex Xobeh
Okawaru
Qazlal
Ru
Sif Muna
Trog
Uskayaw
Vehumet
Wu Jian
Xom
Yredelemnul
Zin
The Shining One

Shops:
D:3 *   D:4 (   D:9 !*(   D:10 ((*

Portals:
Trove: D:10 (give +7 demon trident)

Annotations:
IceCv exclusion: 2 ice statues


Innate Abilities, Weirdness & Mutations

You have very sharp teeth.
Your uncanny sense of smell can sniff out nearby items.
Your experience applies equally to all skills.


Message History

The elephant simulacrum is almost destroyed.
You hit the elephant simulacrum.
The elephant simulacrum is almost destroyed.
The elephant simulacrum closely misses you. x2
You puncture the elephant simulacrum!
The elephant simulacrum vaporises!
Okay, then.
You start waiting.
Done waiting.
You completely miss the ice statue. You puncture the ice statue!
The ice statue is lightly damaged.
You barely miss the ice statue.
The ice statue is lightly damaged.
You puncture the ice statue!
The ice statue is moderately damaged.
You hit the ice statue.
The ice statue is heavily damaged.
The ice statue gestures at you. The freezing blast engulfs you!
You puncture the ice statue! Your bite misses the ice statue.
The ice statue is heavily damaged.
You are engulfed in freezing vapours.
The ice statue gestures.
You puncture the ice statue! You punch the ice statue.
The ice statue is severely damaged.
You are engulfed in freezing vapours.
You completely miss the ice statue.
The ice statue is severely damaged.
You are engulfed in freezing vapours.
You hit the ice statue.
The ice statue is severely damaged.
You are engulfed in freezing vapours.
* * * LOW HITPOINT WARNING * * *
The ice statue gestures at you. The freezing blast misses you.
Unknown command.
You are engulfed in freezing vapours.
You die...
Your body disappears without a glow.

............#
.............#
......⌠.......#
...............#
...............#
#.............#
.....Y..○°○..#
#.......°○○.#
8#...○@#8##
##..○#### ##...#
#...## #...##
##...# ##...##
##.....##
#...∩...#


You could see an ice beast (summoned).

Vanquished Creatures
  3 two-headed ogres
  An ugly thing (D:12)
  A deep elf pyromancer (D:12)
  4 cyclopes
  A gargoyle (D:10)
  An unseen horror (D:11)
  4 komodo dragons
  3 cane toads (Lair:1)
  A yaktaur (D:12)
  3 ice devils (IceCv)
  3 trolls
  Grinder (D:3)
  7 slime creatures (D:12)
  A shadow (D:12)
  A wraith (D:12)
  29 yaks
  4 wyverns
  A basilisk (Lair:1)
  A vampire mosquito (D:5)
  4 acid dragons
  2 water moccasins
  An orc warrior (D:10)
  4 black bears
  2 ice beasts
  3 ogres
  7 centaurs
  A phantom (D:5)
  2 kobold brigands (D:8)
  3 bullfrogs
  3 scorpions
  3 elephant simulacra
  9 killer bees
  6 howler monkeys
  3 electric eels (D:9)
  2 quasits (D:7)
  3 jellies
  4 orc priests
  2 sleepcaps (D:7)
  2 hell rats (Lair:1)
  Terence (D:3)
  4 iguanas
  16 orc wizards
  2 spriggan simulacra (IceCv)
  A polar bear simulacrum (Lair:1)
  9 adders
  A river rat (Lair:1)
  2 shadow imps (D:6)
  4 white imps
  6 ufetubi
  2 worms (D:2)
  A dart slug (D:5)
  31 orcs
  8 ball pythons
  6 endoplasms
  6 giant cockroaches
  7 goblins
  4 hobgoblins
  2 jackals (D:4)
  2 quokkas
  6 bats
  18 kobolds
  8 rats
  A spectral goblin (D:3)
284 creatures vanquished.

Notes
Turn   | Place    | Note
-------+----------+-------------------------------------------
     0 | D:1      | Hubris850 the Gnoll Hexslinger began the quest for the Orb.
     0 | D:1      | Reached XP level 1. HP: 17/17 MP: 4/4
   107 | D:1      | Reached XP level 2. HP: 23/23 MP: 5/5
   110 | D:1      | Learned a level 2 spell: Jinxbite
   246 | D:1      | Found a faded altar of an unknown god.
   254 | D:1      | Prayed at the altar of an unknown god.
   254 | D:1      | Became a worshipper of Elyvilon the Healer
   254 | D:1      | Reached * piety under Elyvilon
   662 | D:2      | Reached XP level 3. HP: 27/28 MP: 4/7
   725 | D:2      | Reached skill level 1 in Invocations
   752 | D:2      | Reached skill level 1 in Short Blades
   752 | D:2      | Reached skill level 1 in Long Blades
   752 | D:2      | Reached skill level 1 in Axes
   752 | D:2      | Reached skill level 1 in Maces & Flails
   752 | D:2      | Reached skill level 1 in Polearms
   752 | D:2      | Reached skill level 1 in Staves
   752 | D:2      | Reached skill level 1 in Throwing
   752 | D:2      | Reached skill level 1 in Armour
   752 | D:2      | Reached skill level 1 in Stealth
   752 | D:2      | Reached skill level 1 in Shields
   752 | D:2      | Reached skill level 1 in Unarmed Combat
   752 | D:2      | Reached skill level 1 in Evocations
   849 | D:2      | Reached ** piety under Elyvilon
   912 | D:2      | Reached XP level 4. HP: 34/34 MP: 8/8
   997 | D:2      | Reached skill level 1 in Shapeshifting
  1550 | D:3      | Noticed Grinder
  1572 | D:3      | Killed Grinder
  1573 | D:3      | Reached skill level 1 in Conjurations
  1573 | D:3      | Reached skill level 1 in Summonings
  1573 | D:3      | Reached skill level 1 in Necromancy
  1573 | D:3      | Reached skill level 1 in Translocations
  1573 | D:3      | Reached skill level 1 in Transmutations
  1573 | D:3      | Reached skill level 1 in Ice Magic
  1573 | D:3      | Reached skill level 1 in Air Magic
  1573 | D:3      | Reached skill level 1 in Earth Magic
  1573 | D:3      | Reached skill level 1 in Poison Magic
  1573 | D:3      | Reached XP level 5. HP: 23/41 MP: 6/10
  1573 | D:3      | Reached XP level 6. HP: 26/47 MP: 6/11
  1658 | D:3      | Noticed Terence
  1668 | D:3      | Killed Terence
  1669 | D:3      | Reached skill level 5 in Ranged Weapons
  1669 | D:3      | Reached skill level 2 in Armour
  1669 | D:3      | Reached skill level 5 in Dodging
  1778 | D:3      | Found an iron altar of Okawaru.
  1781 | D:3      | Found a blossoming altar of Fedhas.
  1826 | D:3      | Found a hide-covered altar of Uskayaw.
  1829 | D:3      | Found a burning altar of Makhleb.
  1829 | D:3      | Reached *** piety under Elyvilon
  2075 | D:3      | Found Gozag's Platinum Reserve.
  2186 | D:3      | Found a shimmering altar of Xom.
  2241 | D:3      | Found a hazy altar of Hepliaklqana.
  2295 | D:3      | Found an opulent altar of Gozag.
  2342 | D:3      | Learned a level 3 spell: Sigil of Binding
  2456 | D:4      | Found a sacrificial altar of Ru.
  2487 | D:4      | Found a shimmering blue altar of Sif Muna.
  2487 | D:4      | Found an ancient bone altar of Kikubaaqudgha.
  2488 | D:4      | Found a stormy altar of Qazlal.
  2488 | D:4      | Found an ornate altar of the Wu Jian Council.
  2538 | D:4      | Reached **** piety under Elyvilon
  2747 | D:4      | Reached XP level 7. HP: 52/52 MP: 12/12
  2924 | D:4      | Found Siti's Weapon Emporium.
  3169 | D:4      | Reached ***** piety under Elyvilon
  3444 | D:5      | Entered Level 5 of the Dungeon
  3717 | D:5      | Noticed a vampire mosquito
  3741 | D:5      | Killed a vampire mosquito
  3893 | D:5      | Reached XP level 8. HP: 60/60 MP: 11/14
  3932 | D:5      | Reached skill level 3 in Armour
  4342 | D:5      | Reached skill level 4 in Armour
  5224 | D:5      | Learned a level 3 spell: Inner Flame
  5229 | D:5      | Learned a level 4 spell: Cause Fear
  5479 | D:6      | Reached XP level 9. HP: 66/66 MP: 14/16
  5701 | D:6      | Reached ****** piety under Elyvilon
  6403 | D:6      | Reached skill level 5 in Spellcasting
  6582 | D:7      | Reached skill level 5 in Armour
  6724 | D:7      | Reached skill level 5 in Fighting
  7101 | D:7      | Reached skill level 5 in Invocations
  7181 | D:7      | Identified the amulet "Avycle" {Acrobat rPois rN+ Str+2}
  7356 | D:7      | Found a staircase to the Ecumenical Temple.
  7650 | D:8      | Learned a level 4 spell: Dimensional Bullseye
  7744 | D:8      | Identified the +2 battleaxe of Plunder {heavy, rF+ Int+3}
  7785 | D:8      | Reached skill level 6 in Armour
  8285 | D:9      | Noticed a two-headed ogre
  8296 | D:9      | Killed a two-headed ogre
  8297 | D:9      | Reached skill level 5 in Short Blades
  8297 | D:9      | Reached skill level 5 in Long Blades
  8297 | D:9      | Reached skill level 5 in Axes
  8297 | D:9      | Reached skill level 5 in Maces & Flails
  8297 | D:9      | Reached skill level 5 in Polearms
  8297 | D:9      | Reached skill level 5 in Staves
  8297 | D:9      | Reached skill level 5 in Throwing
  8297 | D:9      | Reached skill level 5 in Stealth
  8297 | D:9      | Reached skill level 5 in Shields
  8297 | D:9      | Reached skill level 5 in Unarmed Combat
  8297 | D:9      | Reached skill level 5 in Evocations
  8297 | D:9      | Reached XP level 10. HP: 33/76 MP: 15/18
  8595 | D:9      | Found Nuiguupp's Distillery.
  8595 | D:9      | Found Faloqu's Assorted Antiques.
  8598 | D:9      | Found Halote's Weapon Shop.
  8729 | D:9      | Reached skill level 7 in Armour
  8729 | D:9      | Reached skill level 5 in Fire Magic
  8826 | D:9      | Reached skill level 5 in Shapeshifting
  8951 | D:9      | Found a staircase to the Lair.
  9278 | D:9      | Reached XP level 11. HP: 82/83 MP: 20/20
  9470 | D:9      | Reached skill level 8 in Armour
  9823 | D:10     | Entered Level 10 of the Dungeon
  9881 | D:10     | Found Meujezic's General Store.
  9988 | D:10     | Reached skill level 5 in Conjurations
  9988 | D:10     | Reached skill level 5 in Summonings
  9988 | D:10     | Reached skill level 5 in Necromancy
  9988 | D:10     | Reached skill level 5 in Translocations
  9988 | D:10     | Reached skill level 5 in Transmutations
  9988 | D:10     | Reached skill level 5 in Ice Magic
  9988 | D:10     | Reached skill level 5 in Air Magic
  9988 | D:10     | Reached skill level 5 in Earth Magic
  9988 | D:10     | Reached skill level 5 in Poison Magic
 10255 | D:10     | Noticed a cyclops
 10270 | D:10     | Killed a cyclops
 10394 | D:10     | Found a portal to a secret trove of treasure.
 10678 | D:10     | Noticed a cyclops
 10692 | D:10     | Killed a cyclops
 10883 | D:10     | Noticed a two-headed ogre
 10903 | D:10     | Killed a two-headed ogre
 11142 | D:10     | Found Asitza's Weapon Boutique.
 11150 | D:10     | Found Opheps's Antique Weapon Shoppe.
 11154 | D:10     | Identified a scroll of acquirement
 11154 | D:10     | Acquired a +4 ring of slaying
 11171 | D:10     | Bought a twisted shortbow for 280 gold pieces
 11171 | D:10     | Identified the +11 shortbow of Panaidgh {drain, rElec Will+
                  | Str-5} (You bought it in a shop on level 10 of the Dungeon)
 11171 | D:10     | Bought an ichor-stained dagger for 245 gold pieces
 11171 | D:10     | Identified the +7 dagger of the Rotten God {heavy, rCorr}
                  | (You bought it in a shop on level 10 of the Dungeon)
 11278 | Temple   | Entered the Ecumenical Temple
 11304 | Temple   | Fell from the grace of Elyvilon
 11304 | Temple   | Became a worshipper of Nemelex Xobeh the Trickster
 11423 | D:11     | Noticed a two-headed ogre
 11428 | D:11     | Killed a two-headed ogre
 11430 | D:11     | Noticed a cyclops
 11435 | D:11     | Killed a cyclops
 11575 | D:11     | Reached skill level 9 in Armour
 12426 | D:12     | Noticed a purple ugly thing
 12435 | D:12     | Killed a purple ugly thing
 12436 | D:12     | Reached XP level 12. HP: 91/91 MP: 21/23
 12580 | D:12     | Found a staircase to the Orcish Mines.
 13024 | Lair:1   | Entered Level 1 of the Lair of Beasts
 13170 | Lair:1   | Reached skill level 10 in Armour
 13396 | Lair:1   | Reached * piety under Nemelex Xobeh
 13484 | Lair:1   | Found a frozen archway.
 13597 | IceCv    | Entered an ice cave
 14343 | IceCv    | Engulfed by an ice statue's freezing vapour

Illustrated notes

Levels and vault maps discovered:
D:1:      lightli_arrival_farm, layout_rooms, basic_ecumenical_altar
D:2:      layout_basic
D:3:      layout_basic, nicolae_hepliaklqana_monster_ancestors,
          lemuel_round_altar, grunt_temple_overflow_cloverleaf,
          nicolae_gozag_zags_fifth_avenue, uniq_terence, uniq_grinder
D:4:      layout_basic, grunt_temple_overflow_open, serial_shops,
          kennysheep_mini
D:5:      layout_basic, eino_small_chamber_without_monster, minmay_manual_mail
D:6:      layout_layer_cave
D:7:      layout_cave_pools, temple_pool_b, serial_demonic, serial_demonic_e,
          serial_demonic_e, serial_demonic_d, serial_demonic_e,
          hangedman_abyss_or_decor_passed, nicolae_the_louvre
D:8:      layout_basic
D:9:      layout_roguey, minmay_lair_entry_grove, serial_bayou,
          serial_bayou_pond_a, serial_bayou_lagoon_a, serial_bayou_pond_d,
          serial_bayou_pond_e, nicolae_wooded_promenade
D:10:     layout_roguey, trove_entry_hex_spiral, serial_shops,
          nicolae_shop_waterfront, nicolae_shop_bloodbath_and_beyond,
          nicolae_shop_overgrown_old_shop
D:11:     layout_rooms
D:12:     layout_cave_pools, orc_0_dummy
Temple:   dpeg_chambers_temple
Lair:1:   wander_river, layout_cave_pods, portal_ice_cave_entry_ice_simulacra,
          kennysheep_abandoned_house, grunt_megastairs_5
IceCv:    ice_cave_tombish

Skill      XL: |  1  2  3  4  5  6  7  8  9 10 11 12 |
---------------+-------------------------------------+-----
Fire Magic     | 2 3 4 5 6 |  6.8
Invocations    | 1 2 3 4 5 6 7 8 |  8.4
Short Blades   | 1 2 3 5 6 7 |  7.6
Long Blades    | 1 2 3 5 6 7 |  7.6
Axes           | 1 2 3 5 6 7 |  7.6
Maces & Flails | 1 2 3 5 6 7 |  7.6
Polearms       | 1 2 3 5 6 7 |  7.6
Staves         | 1 2 3 5 6 7 |  7.6
Throwing       | 1 2 3 5 6 7 |  7.6
Armour         | 1 2 4 6 7 9 10 | 10.4
Stealth        | 1 2 3 5 6 7 |  7.6
Shields        | 1 2 3 5 6 7 |  7.6
Unarmed Combat | 1 2 3 5 6 7 |  7.6
Evocations     | 1 2 3 5 6 7 |  7.6
Shapeshifting  | 1 2 3 4 5 6 7 |  7.0
Spellcasting   | 3 4 5 6 7 8 |  8.2
Fighting       | 3 4 5 6 7 8 |  8.1
Conjurations   | 1 2 3 4 5 6 |  6.3
Summonings     | 1 2 3 4 5 6 |  6.3
Necromancy     | 1 2 3 4 5 6 |  6.3
Translocations | 1 2 3 4 5 6 |  6.3
Transmutations | 1 2 3 4 5 6 |  6.3
Ice Magic      | 1 2 3 4 5 6 |  6.3
Air Magic      | 1 2 3 4 5 6 |  6.3
Earth Magic    | 1 2 3 4 5 6 |  6.3
Poison Magic   | 1 2 3 4 5 6 |  6.3
Ranged Weapons | 5 6 7 8 9 |  9.0
Dodging        | 5 6 7 8 9 |  9.0
Hexes          | 6 7 8 |  8.5

Action                     |  1- 3 |  4- 6 |  7- 9 | 10-12 || total
---------------------------+-------+-------+-------+-------++-------
  Melee: Short sword       |       |     2 |   182 |   302 ||   486
         Bite              |       |       |    26 |    71 ||    97
         Punch             |       |       |     8 |    30 ||    38
         Sling             |       |       |     1 |       ||     1
         Dagger            |       |       |       |   183 ||   183
   Fire: Sling             |    89 |   128 |   290 |    86 ||   593
         Shortbow          |       |       |       |   124 ||   124
  Throw: Boomerang         |       |       |     1 |       ||     1
         Javelin           |       |       |       |     2 ||     2
         Dart              |       |       |       |     1 ||     1
   Cast: Jinxbite          |     4 |     4 |    40 |    33 ||    81
         Sigil of Binding  |       |       |     1 |       ||     1
         Inner Flame       |       |       |     3 |     1 ||     4
         Cause Fear        |       |       |     1 |       ||     1
 Invoke: Heal Self         |       |       |       |     1 ||     1
  Evoke: Wand              |       |       |       |     2 ||     2
    Use: Scroll            |       |     5 |     9 |     4 ||    18
         Potion            |       |       |       |     4 ||     4
   Stab: Sleeping          |       |       |     2 |     4 ||     6
 Armour: Robe              |     1 |       |       |       ||     1
         Acid dragon scale |    13 |    60 |   269 |   271 ||   613
  Dodge: Dodged            |    23 |    66 |   303 |   299 ||   691

Table legend: (Time is in decaauts)
 A = Elapsed time spent in this place.
 B = Non-inter-level travel time spent in this place.
 C = Inter-level travel time spent in this place.
 D = Time resting spent in this place.
 E = Time spent auto-exploring this place.
 F = Levels seen in this place.
 G = Mean time per level.
                   A        B        C        D        E       F      G
               +--------+--------+--------+--------+--------+-----+--------+
         Total |  14268 |  13637 |    631 |   2290 |   8747 |  15 |  951.2 |
       Dungeon |  12902 |  12293 |    609 |   1486 |   8747 |  12 | 1075.2 |
        Temple |     48 |     27 |     21 |      0 |      0 |   1 |   48.0 |
          Lair |    575 |    575 |      0 |    213 |      0 |   1 |  575.0 |
      Ice Cave |    742 |    742 |      0 |    591 |      0 |   1 |  742.0 |
               +--------+--------+--------+--------+--------+-----+--------+

Top non-repeatable levels by time:
     D:5: 1731 daAuts
    D:10: 1389 daAuts
     D:6: 1292 daAuts
     D:9: 1129 daAuts
     D:7: 1109 daAuts
     D:4: 1090 daAuts
     D:8: 1057 daAuts
     D:2: 985 daAuts
     D:3: 925 daAuts
    D:12: 831 daAuts
   IceCv: 742 daAuts
    D:11: 742 daAuts
     D:1: 618 daAuts
  Lair:1: 575 daAuts
  Temple: 48 daAuts
